 Dungeon Crawl Stone Soup version 0.30-a0-808-g6e0788376e (webtiles) character file.

Game seed: 734771069456335633

59 cforsyth the Sneak (level 4, -1/23 (27) HPs)
             Began as a Kobold Brigand on Feb 27, 2023.
             Slain by Terence
             ... wielding the +7 Throatcutter {drain, coup de grace}
              (8 damage)
             ... on level 2 of the Dungeon.
             The game lasted 00:01:15 (1431 turns).

cforsyth the Sneak (Kobold Brigand)                 Turns: 1431, Time: 00:01:16

HP:   -1/23 (27)    AC:  3    Str:  8    XL:     4   Next: 22%
MP:   4/4           EV: 15    Int: 12    God:
Gold: 71            SH:  0    Dex: 18    Spells: 3/3 levels left

rFire   . . .      SeeInvis .    a - +2 dagger
rCold   . . .      Faith    .    (no shield)
rNeg    . . .      Spirit   .    b - +0 robe
rPois   .          Reflect  .    (no helmet)
rElec   .          Harm     .    c - +0 cloak
rCorr   .          Rampage  .    (no gloves)
Will    .....                    (no boots)
Stlth   ++++                     (no amulet)
HPRegen 0.23/turn                (no ring)
MPRegen 0.09/turn                (no ring)

@: attractive, heavily drained
A: small, no large weapons, nightstalker 3
a: no special abilities


You were on level 2 of the Dungeon.
You visited 1 branch of the dungeon, and saw 2 of its levels.

You collected 71 gold pieces.

Inventory:

Hand Weapons
 a - a +2 dagger (weapon)
Missiles
 d - 9 poisoned darts (quivered)
 e - 3 curare-tipped darts
 i - 2 atropa-tipped darts
Armour
 b - a +0 robe (worn)
 c - a +0 cloak (worn)
Scrolls
 g - 2 scrolls of enchant weapon {unknown}
 j - a scroll of immolation {unknown}
 k - a scroll of poison {unknown}
 l - 2 scrolls of teleportation {unknown}
 n - a scroll of identify {unknown}
 q - 2 scrolls of fog {unknown}
Potions
 f - a potion of attraction
 h - 2 potions of heal wounds {unknown}
 m - a potion of lignification {unknown}
 o - 4 potions of curing {unknown}
 p - a potion of mutation {unknown}


   Skills:
 + Level 2.9 Fighting
 + Level 3.6 Short Blades
 - Level 2.1 Throwing
 + Level 2.4 Dodging
 + Level 6.0 Stealth


You had 3 spell levels left.
You didn't know any spells.
Your spell library contained the following spells:

 Spells                   Type           Power      Damage    Failure   Level
 Beastly Appendage        Tmut           0%         N/A       32%         1
 Wereblood                Tmut           0%         N/A       45%         2
 Spider Form              Tmut/Pois      0%         N/A       69%         3


Dungeon Overview and Level Annotations

Branches:
Dungeon (2/15)

Altars:

Annotations:
D:2 Terence


Innate Abilities, Weirdness & Mutations

You are small and have problems with some larger weapons.
You are completely attuned to the shadows.


Message History

o - 4 glowing pink potions (gained 1)
You see here a +0 short sword.
You open the door.
There is an open door here.
Found a stone staircase leading down.
You see here 14 gold pieces.
A hobgoblin is nearby!
A hobgoblin is nearby!
Terence the Incautious comes into view.
He is wielding the +7 Throatcutter {drain, coup de grace}.
The hobgoblin barely misses you.
You hit the hobgoblin.
The hobgoblin is heavily wounded.
Terence shouts!
You hit the hobgoblin.
You kill the hobgoblin!
Terence hits you with the +7 Throatcutter {drain, coup de grace}.
You feel drained.
You hit Terence.
Terence is lightly wounded.
Terence hits you with the +7 Throatcutter {drain, coup de grace}!
You feel drained.
* * * LOW HITPOINT WARNING * * *
You are too injured to fight recklessly!
You are too injured to fight recklessly!
You are too injured to fight recklessly!
You are too injured to fight recklessly!
You are too injured to fight recklessly!
You are too injured to fight recklessly!
You are too injured to fight recklessly!
You are too injured to fight recklessly!
You hit Terence but do no damage.
Terence is lightly wounded.
Terence barely misses you.
You hit Terence.
Terence is lightly wounded.
Terence barely misses you.
It was a potion of attraction.
You feel attractive to monsters.
Terence hits you with the +7 Throatcutter {drain, coup de grace}!
You die...

#.# #.####. #.#####.#
#. #.......# #.
#.##########. ......#
#............
......###.#...#######
......#.......#
....?.#.#.#.###
...@@.#.#.#.#
..##...$..#.#
.>....###.# ########
#.# #[# #.# #.# #.#
#.#


You could see Terence.

Vanquished Creatures
  Robin (D:2)
  2 dart slugs (D:1)
  3 bats
  An endoplasm (D:2)
  2 giant cockroaches
  11 goblins
  5 hobgoblins
  A kobold (D:2)
  3 quokkas
  3 ball pythons (D:1)
  2 frilled lizards (D:1)
  4 rats
38 creatures vanquished.

Notes
Turn   | Place    | Note
-------+----------+-------------------------------------------
     0 | D:1      | cforsyth the Kobold Brigand began the quest for the Orb.
     0 | D:1      | Reached XP level 1. HP: 12/12 MP: 1/1
    51 | D:1      | Reached XP level 2. HP: 16/18 MP: 2/2
   331 | D:1      | Reached XP level 3. HP: 22/22 MP: 3/3
  1279 | D:2      | Noticed Robin
  1350 | D:2      | Killed Robin
  1351 | D:2      | Reached XP level 4. HP: 27/27 MP: 4/4
  1374 | D:2      | Reached skill level 6 in Stealth
  1423 | D:2      | Noticed Terence
  1431 | D:2      | Slain by Terence

Illustrated notes

Levels and vault maps discovered:
D:1:      saegor_arrival_simple_d, layout_basic
D:2:      layout_basic, bh_walls_and_bars, uniq_terence, uniq_robin

Skill      XL: |  1  2  3  4 |
---------------+-------------+-----
Short Blades   | 3 |  3.6
Dodging        | 2 |  2.4
Stealth        | 6 |  6.0
Fighting       | |  2.9
Throwing       | |  2.1

Action                     |  1- 3 |  4- 6 || total
---------------------------+-------+-------++-------
  Melee: Dagger            |    81 |    11 ||    92
    Use: Potion            |       |     1 ||     1
   Stab: Sleeping          |    13 |       ||    13
         Distracted        |     2 |       ||     2
 Armour: Robe              |    13 |       ||    13
  Dodge: Dodged            |    46 |     6 ||    52

Table legend: (Time is in decaauts)
 A = Elapsed time spent in this place.
 B = Non-inter-level travel time spent in this place.
 C = Inter-level travel time spent in this place.
 D = Time resting spent in this place.
 E = Time spent auto-exploring this place.
 F = Levels seen in this place.
 G = Mean time per level.
                   A        B        C        D        E       F      G
               +--------+--------+--------+--------+--------+-----+--------+
         Total |   1417 |   1397 |     20 |      0 |   1170 |   2 |  708.5 |
       Dungeon |   1417 |   1397 |     20 |      0 |   1170 |   2 |  708.5 |
               +--------+--------+--------+--------+--------+-----+--------+

Top non-repeatable levels by time:
     D:1: 1049 daAuts
     D:2: 367 daAuts
